 Dungeon Crawl Stone Soup version 0.17.0-26-gececa24 (webtiles) character file.

2412 Ijustatesigmund the Cleaver (level 9, -13/83 HPs)
             Began as a Minotaur Berserker on Nov 20, 2015.
             Was an Elder of Trog.
             Splashed by an oklob plant's acid (15 damage)
             ... on level 6 of the Dungeon.
             The game lasted 00:13:06 (4075 turns).

Ijustatesigmund the Cleaver (Minotaur Berserker)    Turns: 4075, Time: 00:13:06

Health: -13/83     AC:  0    Str: 22    XL:     9   Next: 23%
Magic:  8/8        EV: 10    Int:  4    God:    Trog [****..]
Gold:   240        SH:  0    Dex: 13    Spells: 0 memorised, 8 levels left

rFire  . . .     SeeInvis .     n - +1 war axe
rCold  . . .     Clarity  .     g - +0 chain mail
rNeg   . . .     SustAt   .     (no shield)
rPois  .         Gourm    .     (helmet restricted)
rElec  .         Spirit   .     (no cloak)
rCorr  .         Warding  .     (no gloves)
rMut   .         Stasis   .     B - +0 pair of boots
MR     .....                    q - amulet of regeneration
Stlth  ..........               (no ring)
                                (no ring)

@: corroded equipment, not resistant to hostile enchantments, extremely
unstealthy
A: retaliatory headbutt, horns 2
a: Berserk, Trog's Hand, Brothers in Arms, Burn Spellbooks, Renounce Religion


You were on level 6 of the Dungeon.
You worshipped Trog.
Trog was greatly pleased with you.
You were very hungry.

You visited 1 branch of the dungeon, and saw 6 of its levels.

You collected 240 gold pieces.

Inventory:

Hand Weapons
 n - a +1 war axe (weapon)
Missiles
 a - 3 throwing nets (quivered)
 d - 15 poisoned needles
 m - 5 curare-tipped needles
 t - 7 tomahawks
 C - 8 javelins of returning
Armour
 g - a +0 chain mail (worn)
 B - a +0 pair of boots (worn)
Jewellery
 f - an uncursed amulet of the gourmand
 q - an amulet of regeneration (around neck)
Wands
 v - a wand of fireball (7)
Scrolls
 j - 2 scrolls of recharging
 o - a scroll of fear
 r - a scroll of identify
 x - a scroll of enchant armour {unknown}
 y - a scroll of amnesia {unknown}
Potions
 e - a potion of flight {unknown}
 h - 2 potions of haste {unknown}
 i - 2 potions of ambrosia
 l - 2 potions of heal wounds {unknown}
 p - a potion of agility {unknown}
 s - 2 potions of curing
 u - 2 potions of cancellation {unknown}
 w - a potion of resistance {unknown}
 z - a potion of lignification {unknown}
 A - a potion of mutation {unknown}
Comestibles
 b - 3 fruits
 c - 4 bread rations
 k - 3 meat rations


   Skills:
 + Level 9.3 Fighting
 * Level 10.1 Axes
 - Level 2.1 Throwing
 - Level 5.4 Armour
 - Level 5.1 Dodging


You had 8 spell levels left.
You didn't know any spells.

Dungeon Overview and Level Annotations

Branches:
Dungeon (6/15)             Temple (0/1) D:4

Altars:
Ashenzari
Cheibriados
Trog

Annotations:
D:6 exclusion: oklob plant


Innate Abilities, Weirdness & Mutations

You reflexively headbutt those who attack you in melee.
You have a pair of horns on your head.


Message History

The oklob plant is lightly damaged.
Read which item? (? for menu, Esc to quit)
Okay, then.
Drink which item? (? for menu, Esc to quit)
Okay, then.
Okay, then.
Drink which item? (? for menu, Esc to quit)
Okay, then.
Read which item? (? for menu, Esc to quit)
Okay, then.
You're too hungry to go berserk.
There is an open door here.
The oklob plant spits acid at you. The splash of acid hits you!
The acid burns!
* * * LOW HITPOINT WARNING * * *
The oklob plant spits acid at you. The splash of acid hits you!
* * * LOW HITPOINT WARNING * * *
The acid corrodes you!
The acid burns!
You die...

##P.P## #...PP#
#..P..# #.....#
######### ##...##
#........ #...#
#........ ##'##
#........ #.#
#........ #@#
#........ #.#
#........ #.#
#........
#.########........
#.................
########.#.#######
#..)[.####.
....ยง##.......#..
.....+........##.


You could see an oklob plant.

Vanquished Creatures
  Pikel (D:5)
  Edmund (D:5)
  Menkaure (D:6)
  A slave (D:5)
  Duvessa (D:5)
  3 orc warriors (D:6)
  A sky beast (D:5)
  A necrophage (D:6)
  An ogre (D:4)
  Dowan (D:5)
  A scorpion (D:6)
  3 crimson imps
  3 hounds
  6 jellies (D:6)
  8 orc wizards
  2 orc priests (D:6)
  A worker ant (D:6)
  A hound zombie (D:5)
  6 adders
  15 oozes
  3 worms
  14 orcs
  5 giant cockroaches
  4 goblins
  6 hobgoblins
  9 jackals
  3 quokkas
  A ball python (D:4)
  A ball python zombie (D:5)
  11 bats
  2 giant geckos
  A giant gecko skeleton (D:4)
  3 giant newts
  8 kobolds
  7 rats
136 creatures vanquished.

Vanquished Creatures (others)
  A slave (D:5)
  A worker ant zombie (D:5)
  3 fungi (D:6)
5 creatures vanquished.

Grand Total: 141 creatures vanquished

Notes
Turn   | Place    | Note
--------------------------------------------------------------
     0 | D:1      | Ijustatesigmund the Minotaur Berserker began the quest for the Orb.
     0 | D:1      | Reached XP level 1. HP: 19/19 MP: 0/0
   285 | D:1      | Reached skill level 4 in Fighting
   313 | D:1      | Reached XP level 2. HP: 27/27 MP: 1/1
   965 | D:2      | Reached XP level 3. HP: 31/34 MP: 2/2
  1086 | D:2      | Reached skill level 1 in Throwing
  1092 | D:2      | Reached ** piety under Trog
  1226 | D:2      | Found a bloodstained altar of Trog.
  1433 | D:3      | Reached XP level 4. HP: 39/41 MP: 3/3
  1492 | D:3      | Reached skill level 5 in Fighting
  1567 | D:3      | Reached skill level 5 in Axes
  1744 | D:3      | Found a snail-covered altar of Cheibriados.
  1780 | D:3      | Reached XP level 5. HP: 38/48 MP: 4/4
  2051 | D:4      | Found a staircase to the Ecumenical Temple.
  2093 | D:4      | Noticed an ogre
  2099 | D:4      | Killed an ogre
  2101 | D:4      | Reached *** piety under Trog
  2476 | D:4      | Reached XP level 6. HP: 53/57 MP: 5/5
  2703 | D:5      | Entered Level 5 of the Dungeon
  2770 | D:5      | Reached skill level 6 in Fighting
  2975 | D:5      | Noticed Pikel
  2991 | D:5      | Killed Pikel
  2991 | D:5      | Reached skill level 7 in Fighting
  2991 | D:5      | Reached XP level 7. HP: 28/66 MP: 6/6
  3112 | D:5      | Noticed Edmund
  3123 | D:5      | Killed Edmund
  3144 | D:5      | Found a shattered altar of Ashenzari.
  3150 | D:5      | Noticed Duvessa
  3150 | D:5      | Noticed Dowan
  3160 | D:5      | Killed Duvessa
  3160 | D:5      | Reached XP level 8. HP: 62/74 MP: 7/7
  3165 | D:5      | Killed Dowan
  3189 | D:5      | Reached skill level 8 in Fighting
  3450 | D:6      | Noticed Menkaure
  3456 | D:6      | Killed Menkaure
  3550 | D:6      | Reached skill level 5 in Armour
  3648 | D:6      | Reached skill level 5 in Dodging
  3702 | D:6      | Reached skill level 9 in Axes
  3858 | D:6      | Reached XP level 9. HP: 64/82 MP: 8/8
  3869 | D:6      | Reached **** piety under Trog
  4024 | D:6      | Noticed an oklob plant
  4035 | D:6      | Received a gift from Trog
  4053 | D:6      | Reached skill level 10 in Axes
  4075 | D:6      | HP: 2/83 [oklob plant/splash of acid (8)]
  4075 | D:6      | Splashed by an oklob plant's acid

Action                   |  1- 3 |  4- 6 |  7- 9 || total
-------------------------+-------+-------+-------++-------
Melee: Hand axe          |   125 |    22 |       ||   147
       War axe           |       |    88 |   161 ||   249
Throw: Throwing net      |       |       |     1 ||     1
Invok: Trog's Hand       |       |       |     1 ||     1
       Berserk           |       |       |     1 ||     1
  Use: Scroll            |     5 |     3 |     2 ||    10
  Eat: Chunk             |     2 |     5 |     4 ||    11
       Beef jerky        |       |       |     1 ||     1
       Fruit             |       |       |     1 ||     1
